 Dungeon Crawl Stone Soup version 0.20-a0-277-g7db01f4 (webtiles) character file.

69 gamerape the Sneak (level 4, -1/43 HPs)
             Began as an Octopode Assassin on Dec 11, 2016.
             Succumbed to kobold's curare-tipped needle
             ... on level 3 of the Dungeon.
             The game lasted 00:04:00 (1304 turns).

gamerape the Sneak (Octopode Assassin)              Turns: 1304, Time: 00:04:01

Health: -1/43      AC:  7    Str: 15    XL:     4   Next: 20%
Magic:  4/4        EV: 13    Int: 13    God:
Gold:   112        SH:  0    Dex: 14    Spells: 3/3 levels left

rFire  . . .     SeeInvis .     a - +2 dagger
rCold  . . .     Gourm    .     (no shield)
rNeg   . . .     Faith    .     (helmet restricted)
rPois  .         Spirit   .     (no amulet)
rElec  .         Reflect  .     k - +6 ring of protection
rCorr  .         Harm     .     (no ring)
MR     .....                    (no ring)
Stlth  ..........               (no ring)
                                (no ring)
                                (no ring)
                                (no ring)
                                (no ring)

@: berserking (expiring), lethally poisoned (-1 -> -25), slowed
A: almost no armour, stealthy swim, amphibious, 8 rings, constrict 8, camouflage
1, gelatinous body 1
a: no special abilities


You were on level 3 of the Dungeon.
You were not hungry.

You visited 1 branch of the dungeon, and saw 3 of its levels.

You collected 112 gold pieces.

Inventory:

Hand Weapons
 a - a +2 dagger (weapon)
 b - a +0 blowgun
 h - a cursed -3 dagger
Missiles
 c - 20 poisoned needles
 d - 2 curare-tipped needles
Jewellery
 k - a +6 ring of protection (left tentacle)
Scrolls
 e - 5 scrolls of identify {unknown}
 i - a scroll of noise {unknown}
 l - 3 scrolls of remove curse {unknown}
 m - a scroll of amnesia {unknown}
Potions
 j - a potion of invisibility {unknown}
 n - a potion of berserk rage
 o - a potion of might {unknown}
 p - a potion of degeneration {unknown}
 q - a potion of heal wounds {unknown}
 s - a potion of mutation {unknown}
Comestibles
 f - 3 bread rations
 g - 2 meat rations
 r - 2 chunks of flesh


   Skills:
 + Level 2.2 Fighting
 + Level 2.3 Short Blades
 + Level 2.2 Throwing
 + Level 1.5 Dodging
 + Level 6.9 Stealth


You had 3 spell levels left.
You didn't know any spells.

Dungeon Overview and Level Annotations

Branches:
Dungeon (3/15)

Altars:
Okawaru


Innate Abilities, Weirdness & Mutations

You cannot wear most types of armour.
You are very stealthy in the water. (Stealth+)
You are amphibious.
You can wear up to eight rings at the same time.
You can use your tentacles to constrict eight enemies at once.
Your skin changes colour to match your surroundings (Stealth+).
Your rubbery body absorbs attacks. (AC +1, EV +1)


Message History

You feel as though you will be slow longer.
* * * LOW HITPOINT WARNING * * *
You feel sick.
The kobold shoots a curare-tipped needle.
The curare-tipped needle hits you.
You are more poisoned.
You have difficulty breathing.
* * * LOW HITPOINT WARNING * * *
You feel as though you will be slow longer.
Things that are here:
a curare-tipped needle; a dagger; a kobold corpse You feel a strong urge to attack something.
* * * LOW HITPOINT WARNING * * *
You feel sick.
The kobold unwields an uncursed blowgun.
The kobold wields an uncursed dagger.
The kobold hits you but does no damage.
You hit the kobold but do no damage. You grab the kobold.
You squeeze the kobold.
You kill the kobold!
You die...

###+####+##### ....)........#
.............#
.............########
..........(.('.)@((.#
..........†..######.###########
.............# #...........#
.^...........# ###########.#
.............# #....#<#
.............# #..>...#
.............# ####.###
.............# #.#####
.!............ #.....#


There were no monsters in sight!

Vanquished Creatures
  2 adders
  A shadow imp (D:3)
  2 worms
  A dart slug (D:1)
  A ball python (D:1)
  2 bats
  3 giant cockroaches (D:2)
  3 hobgoblins
  3 jackals (D:1)
  A frilled lizard (D:2)
  7 goblins
  4 kobolds
  7 rats
37 creatures vanquished.

Notes
Turn   | Place    | Note
-------+----------+-------------------------------------------
     0 | D:1      | gamerape the Octopode Assassin began the quest for the Orb.
     0 | D:1      | Reached XP level 1. HP: 14/14 MP: 1/1
    66 | D:1      | Found an iron altar of Okawaru.
   158 | D:1      | Reached XP level 2. HP: 13/19 MP: 2/2
   684 | D:2      | Reached skill level 6 in Stealth
   715 | D:2      | Reached XP level 3. HP: 24/24 MP: 3/3
  1279 | D:3      | Reached XP level 4. HP: 27/29 MP: 4/4
  1303 | D:3      | HP: 1/43 [poisoned by kobold (curare-tipped needle)]
  1304 | D:3      | Succumbed to kobold's curare-tipped needle

Vault maps used:
D:1:      dpeg_arrival_concentric_ovals, okawaru_ov_weapons_minmay
D:3:      doesnt_xom_only_xom, first_bread, serial_curves, eino_curves_01,
          eino_curves_03, eino_curves_03

Skill      XL: |  1  2 |
---------------+-------+-----
Stealth        | 6 |  6.9
Fighting       | |  2.2
Short Blades   | |  2.3
Throwing       | |  2.2
Dodging        | |  1.5

Action                   |  1- 3 |  4- 6 || total
-------------------------+-------+-------++-------
Melee: Dagger            |    60 |     6 ||    66
       Constrict         |    16 |     2 ||    18
       Tentacles         |    11 |     1 ||    12
  Use: Potion            |       |     1 ||     1
 Stab: Sleeping          |    11 |       ||    11
  Eat: Chunk             |     1 |       ||     1
Armor: Skin              |    11 |     6 ||    17
Dodge: Dodged            |    23 |     5 ||    28
